 Dungeon Sprint DCSS version 0.29-a0-330-g52719c12eb (webtiles) character file.

Game seed: 16722800124256891166

2059 jt the Severer (level 9, -2/135 HPs)
             Began as a Deep Dwarf Fighter on Apr 16, 2022.
             Slain by a polar bear (3 damage)
             ... in the Dungeon (Sprint II: "The Violet Keep of Menkaure").
             The game lasted 00:03:45 (257 turns).

jt the Severer (Deep Dwarf Fighter)                  Turns: 257, Time: 00:03:45

Health: -2/135     AC:  8    Str: 24    XL:     9   Next: 5%
Magic:  5/5        EV:  9    Int:  9    God:
Gold:   289        SH:  6    Dex: 12    Spells: 8/8 levels left

rFire   + . .      SeeInvis .   a - +0 war axe
rCold   + + .      Faith    .   c - +0 buckler
rNeg    . . .      Spirit   .   b - +0 scale mail
rPois   .          Reflect  .   (no helmet)
rElec   .          Harm     .   (no cloak)
rCorr   .          Rampage  .   (no gloves)
Will    +....      NoTele   +   (no boots)
Stlth   ..........              (no amulet)
HPRegen 0.00/turn               d - ring of flight
MPRegen 0.09/turn               l - ring of Getuphel {rF+ rC++ Slay+3}

@: berserking (expiring), spiked, flying, hasted, very quick
A: damage resistance, heal wounds, sense surroundings 2, no regeneration, talons
1
a: Heal Wounds


You were in the Dungeon.
You visited 1 branch You collected 972 gold pieces.
You spent 683 gold pieces at shops.

Inventory:

Hand Weapons
 a - a +0 war axe (weapon)
 k - a +0 spear
 m - the +6 demon blade of Bafokobb {freeze, *Slow rElec rC+ Str+6}
   (You found it in the Dungeon)

   It freezes those it strikes, dealing additional cold damage.
   It can also slow down cold-blooded creatures.
   Str:       It affects your strength (+6).
   rC:        It protects you from cold.
   rElec:     It insulates you from electricity.
   *Slow:     It may slow you when you take damage.
Armour
 b - a +0 scale mail (worn)
 c - a +0 buckler (worn)
Jewellery
 d - a ring of flight (left hand)
 l - the ring of Getuphel (right hand) {rF+ rC++ Slay+3}
   (You bought it in a shop in the Dungeon)

   [ring of protection from fire]

   Slay:      It affects your accuracy & damage with ranged weapons and melee
   (+3).
   rF:        It protects you from fire.
   rC:        It greatly protects you from cold.
Potions
 e - a potion of curing
 f - a potion of heal wounds
 h - 2 potions of magic


   Skills:
 + Level 8.4 Fighting
 - Level 16.0 Axes
 + Level 9.7 Armour
 + Level 9.2 Shields
 + Level 0.0 Spellcasting


You had 8 spell levels left.
You didn't know any spells.
Your spell library was empty.

Dungeon Overview and Level Annotations

Branches:
Dungeon (1/1)

Altars:
Cheibriados
Dithmenos
Elyvilon
Fedhas
Gozag
Kikubaaqudgha
Makhleb
Nemelex Xobeh
Okawaru
Qazlal
Ru
Sif Muna
Trog
Uskayaw
Vehumet
Wu Jian
Xom
Yredelemnul
Zin
The Shining One
Beogh
Jiyva
Lugonu

Shops:
D [?:=:![=[*[!=(*

Annotations:
D exclusion: oklob plant


Innate Abilities, Weirdness & Mutations

You are resistant to damage.
You can heal yourself by infusing magical energy.
You passively map the area around you.
You do not regenerate.
You have sharp toenails.


Message History

You slash the manticore!
The manticore is moderately wounded.
You hit the manticore. The manticore closely misses you.
The manticore claws you!
* * * LOW HITPOINT WARNING * * *
You block the manticore's attack.
The manticore bites you but does no damage.
The manticore claws you!
* * * LOW HITPOINT WARNING * * *
The manticore claws you.
* * * LOW HITPOINT WARNING * * *
Unknown command.
You completely miss the manticore.
The manticore is lightly wounded.
You slash the polar bear! You slash the manticore!
You barely miss the manticore.
The manticore is heavily wounded.
You slash the manticore! You closely miss the polar bear.
The manticore bites you. The manticore claws you. x2
* * * LOW HITPOINT WARNING * * *
The polar bear barely misses you. The polar bear closely misses you.
The polar bear claws you but does no damage.
The manticore bites you!
* * * LOW HITPOINT WARNING * * *
You block the manticore's attack. The manticore barely misses you.
Unknown command.
You slash the manticore!
The manticore is severely wounded.
You slash the manticore! You slash the polar bear!
You barely miss the manticore.
The manticore is severely wounded.
You barely miss the manticore. You barely miss the polar bear.
The manticore closely misses you.
The manticore claws you but does no damage.
The manticore closely misses you.
The manticore bites you but does no damage.
The manticore claws you.
* * * LOW HITPOINT WARNING * * *
The manticore claws you. The polar bear bites you.
You die... , , , ..* , * ,* #+## , ,, #. ,,* * , ...## ####, +.###* , .#..#,...#, ...# ##* ,[, .†.####..#####..# $# ,?[, , , #'###.##..#H.'..# c# !?$ #.###..#..#..#..# .# ?)!? * .<.†.##'..####.H##y# )(!"?

,
#.###..#....###H@h##▓▓▓▓▓▓
+*
#'###.##......≈≈≈≈≈≈≈≈≈≈≈≈
, ≈
##.####≈≈.....≈#+########+
≈
.##.#≈≈≈≈≈≈≈..≈#_._.....#≈
≈
...##≈≈≈≈≈≈†≈.≈#._._....#≈
#'##≈≈≈≈§≈≈§≈≈≈#_._._...#§≈
*
≈≈≈≈≈≈≈§§≈§§≈≈≈#._._._..#≈
≈ ≈
+#+++#≈§§§§§§§≈#_._._._.#§≈
≈
§§≈≈≈##≈≈≈###≈§#._._._._#§


You could see 2 manticores, a polar bear and a hornet.

Vanquished Creatures
  A manticore (D)
  A merfolk siren (D)
  A polar bear (D)
  4 neqoxecs (D)
  Menkaure (D)
  4 necrophages (D)
  4 scorpions (D)
  A hell rat (D)
17 creatures vanquished.

Vanquished Creatures (others)
  A water moccasin (D)
1 creature vanquished.

Grand Total: 18 creatures vanquished

Notes
Turn   | Place    | Note
-------+----------+-------------------------------------------
     0 | D        | jt the Deep Dwarf Fighter began the quest for the Orb.
     0 | D        | Reached XP level 1. HP: 20/20 MP: 1/1
     1 | D        | Noticed a necrophage
     1 | D        | Noticed a necrophage
     1 | D        | Noticed a necrophage
     1 | D        | Noticed a necrophage
     7 | D        | Killed a necrophage
     8 | D        | Reached skill level 8 in Axes
     8 | D        | Reached XP level 2. HP: 17/27 MP: 2/2
     8 | D        | Reached XP level 3. HP: 21/33 MP: 3/3
    10 | D        | Killed a necrophage
    11 | D        | Reached skill level 10 in Axes
    11 | D        | Reached XP level 4. HP: 26/40 MP: 4/4
    14 | D        | Killed a necrophage
    15 | D        | Reached skill level 12 in Axes
    15 | D        | Reached XP level 5. HP: 29/46 MP: 5/5
    18 | D        | Reached skill level 13 in Axes
    29 | D        | Noticed a neqoxec
    33 | D        | Killed a neqoxec
    33 | D        | Noticed a neqoxec
    34 | D        | Reached skill level 14 in Axes
    34 | D        | Reached XP level 6. HP: 52/55 MP: 6/6
    38 | D        | Killed a neqoxec
    38 | D        | Noticed a neqoxec
    39 | D        | Reached skill level 16 in Axes
    40 | D        | Killed a neqoxec
    41 | D        | Reached XP level 7. HP: 60/63 MP: 7/7
    41 | D        | Noticed a neqoxec
    42 | D        | Noticed an orange crystal statue
    42 | D        | Gained mutation: You have sharp toenails. [a neqoxec]
    49 | D        | Killed a neqoxec
    50 | D        | Reached skill level 5 in Armour
    50 | D        | Reached skill level 5 in Shields
    54 | D        | Found Xettor's General Store.
    55 | D        | Found Nabedonn's Jewellery Shoppe.
    56 | D        | Found Omos's Antique Armour Emporium.
    57 | D        | Found Lebol's Antique Armour Shoppe.
    60 | D        | Reached skill level 5 in Fighting
    65 | D        | Found Mauxeuha's Distillery.
    66 | D        | Found Nefaworch's General Store.
    66 | D        | Found Mofuon's Jewellery Emporium.
    67 | D        | Found Isimeat's Armour Shoppe.
    67 | D        | Found Ogoerghyu's Distillery.
    67 | D        | Noticed a redback
    68 | D        | Found Gosch's Antique Weapon Shoppe.
    70 | D        | Found Nyg Suidd's Book Shoppe.
    70 | D        | Found Kononece's Jewellery Emporium.
    70 | D        | Noticed Menkaure
    70 | D        | Noticed a redback
    70 | D        | Noticed an oklob plant
    71 | D        | Found Etripi's Antique Armour Emporium.
    71 | D        | Found Kewness's Magic Scroll Shoppe.
    71 | D        | Found Yjarch's Book Shoppe.
    79 | D        | Killed Menkaure
    90 | D        | Noticed an ice dragon
    92 | D        | Noticed a death yak
   114 | D        | Noticed a merfolk siren
   119 | D        | Killed a merfolk siren
   120 | D        | Reached XP level 8. HP: 48/78 MP: 7/7
   144 | D        | Bought the ring of Getuphel {rF+ rC++ Slay+3} for 683 gold
                  | pieces
   191 | D        | Found an iron altar of Okawaru.
   191 | D        | Found a radiant altar of Vehumet.
   191 | D        | Found a glowing silver altar of Zin.
   192 | D        | Found a sparkling altar of Nemelex Xobeh.
   192 | D        | Found a hide-covered altar of Uskayaw.
   192 | D        | Found a basalt altar of Yredelemnul.
   193 | D        | Found an opulent altar of Gozag.
   193 | D        | Found a burning altar of Makhleb.
   193 | D        | Found a bloodstained altar of Trog.
   193 | D        | Found a shimmering altar of Xom.
   193 | D        | Found a glowing golden altar of the Shining One.
   194 | D        | Found a blossoming altar of Fedhas.
   194 | D        | Found a corrupted altar of Lugonu.
   194 | D        | Found a shimmering blue altar of Sif Muna.
   194 | D        | Found an ornate altar of the Wu Jian Council.
   197 | D        | Found an ancient bone altar of Kikubaaqudgha.
   197 | D        | Found a sacrificial altar of Ru.
   197 | D        | Found a white marble altar of Elyvilon.
   200 | D        | Noticed an obsidian statue
   204 | D        | Identified the +6 demon blade of Bafokobb {freeze, *Slow
                  | rElec rC+ Str+6}
   214 | D        | Found a shadowy altar of Dithmenos.
   214 | D        | Found a viscous altar of Jiyva.
   214 | D        | Found a stormy altar of Qazlal.
   218 | D        | Found a snail-covered altar of Cheibriados.
   221 | D        | Noticed a manticore
   222 | D        | Noticed a manticore
   222 | D        | Noticed a manticore
   226 | D        | HP: 2/80 [manticore (5)]
   233 | D        | HP: 3/80 [manticore (5)]
   242 | D        | Noticed a yaktaur
   242 | D        | Noticed a hornet
   242 | D        | Noticed a polar bear
   242 | D        | Noticed a polar bear
   248 | D        | Killed a manticore
   251 | D        | Killed a polar bear
   252 | D        | Gained mutation: You passively map the area around you.
                  | [Deep Dwarf growth]
   252 | D        | Reached XP level 9. HP: 53/90 MP: 5/5
   255 | D        | HP: 5/135 [manticore (7)]
   257 | D        | HP: 1/135 [manticore (4)]
   257 | D        | Slain by a polar bear

Illustrated notes

Levels and vault maps discovered:
D:        the_violet_keep_of_menkaure [sprint2_stairs_cluster_1,
          sprint2_shoproom, sprint2_temple, sprint2_basic_supplies,
          sprint2_obstacle_4, sprint2_obstacle_3, sprint2_obstacle_1,
          sprint2_obstacle_6, sprint2_obstacle_5, sprint2_timed_cluster_1,
          sprint2_smallroom_cluster_1, sprint2_smallroom_final_cluster_1,
          sprint2_transparent_cluster_1, sprint2_second_timed_cluster_1,
          sprint2_sniper_area_1, sprint2_heavy_combat_area_1,
          sprint2_mutation_trap_area_1, sprint2_forest_area_1,
          sprint2_light_combat_area_1, sprint2_behind_water_1,
          sprint2_near_end_vault_1]

Skill      XL: |  1  2  3  4  5  6  7  8 |
---------------+-------------------------+-----
Axes           | 8 10 12 14 16 | 16.0
Fighting       | 3 6 8 |  8.4
Armour         | 4 7 9 |  9.7
Shields        | 4 7 9 |  9.2

Action                   |  1- 3 |  4- 6 |  7- 9 || total
-------------------------+-------+-------+-------++-------
Melee: War axe           |     8 |    16 |    48 ||    72
       Kick              |       |       |    11 ||    11
 Abil: Heal Wounds       |       |     1 |    14 ||    15
  Use: Potion            |     1 |       |     2 ||     3
       Scroll            |       |       |     1 ||     1
Armor: Scale mail        |     2 |     3 |    28 ||    33
Dodge: Dodged            |     3 |     3 |    35 ||    41
Block: Buckler           |       |     3 |    17 ||    20

Table legend: (Time is in decaauts)
 A = Elapsed time spent in this place.
 B = Non-inter-level travel time spent in this place.
 C = Inter-level travel time spent in this place.
 D = Time resting spent in this place.
 E = Time spent auto-exploring this place.
 F = Levels seen in this place.
 G = Mean time per level.
                   A        B        C        D        E       F      G
               +--------+--------+--------+--------+--------+-----+--------+
         Total |    241 |    222 |     19 |      0 |      0 |   1 |  241.0 |
       Dungeon |    241 |    222 |     19 |      0 |      0 |   1 |  241.0 |
               +--------+--------+--------+--------+--------+-----+--------+

Top non-repeatable levels by time:
       D: 241 daAuts
